 Dungeon Crawl Stone Soup version 0.29.1-2-gbd0b4ee654 (webtiles) character file.

Game seed: 735456423781503124

163 kyanize the Ruffian (level 5, -2/40 HPs)
             Began as a Draconian Transmuter on Nov 13, 2022.
             Slain by an iguana (8 damage)
             ... on level 4 of the Dungeon.
             The game lasted 00:14:27 (3482 turns).

kyanize the Ruffian (Draconian Transmuter)          Turns: 3482, Time: 00:14:28

Health: -2/40      AC: 13    Str: 14    XL:     5   Next: 20%
Magic:  16/18      EV: 11    Int: 14    God:
Gold:   229        SH:  3    Dex: 11    Spells: 4/10 levels left

rFire   . . .      SeeInvis .   b - +0 whip (protect)
rCold   . . .      Faith    .   k - +0 buckler
rNeg    . . .      Spirit   .   (body armour unavailable)
rPois   .          Reflect  .   (helmet currently unavailable)
rElec   .          Harm     .   e - +0 cloak
rCorr   .          Rampage  .   (no gloves)
Will    .....                   (boots currently unavailable)
Stlth   +.........              (no amulet)
HPRegen 0.13/turn               h - ring of magical power
MPRegen 0.16/turn               (no ring)

@: appendages, wereblooded, under a protective aura
A: horns 2, talons 2, AC +5, unfitting armour, cold-blooded
a: End Transformation


You were on level 4 of the Dungeon.
You had temporarily grown beastly horns and talons.
You visited 1 branch of the dungeon, and saw 4 of its levels.

You collected 229 gold pieces.

Inventory:

Hand Weapons
 b - a +0 whip of protection (weapon)
Missiles
 i - 18 poisoned darts
 j - 12 stones
 m - 6 javelins
 n - 4 silver javelins
Armour
 e - a +0 cloak (worn)
 k - a +0 buckler (worn)
Magical Staves
 d - a staff of earth
 g - a staff of fire
Jewellery
 h - a ring of magical power (left hand)
Scrolls
 l - a scroll of identify
 o - a scroll of teleportation
Potions
 a - 2 potions of lignification
 c - 3 potions of curing
 f - a potion of resistance


   Skills:
 + Level 1.2 Fighting
 + Level 1.5 Maces & Flails
 + Level 2.4 Dodging
 + Level 1.0 Stealth
 + Level 3.4 Unarmed Combat
 + Level 3.2 Spellcasting
 + Level 2.8 Transmutations


You had 4 spell levels left.
You knew the following spells:

 Your Spells              Type           Power      Damage    Failure   Level
a - Beastly Appendage     Tmut           20%        N/A       9%          1
b - Wereblood             Tmut           10%        N/A       13%         2
c - Spider Form           Tmut/Pois      6%         N/A       43%         3

Your spell library contained the following spells:

 Spells                   Type           Power      Damage    Failure   Level
 Necrotise                Necr           8%         1d4       28%         1
 Shock                    Conj/Air       8%         1d3       28%         1
 Summon Guardian Golem    Hex/Summ       2%         N/A       65%         3
 Swiftness                Air            2%         N/A       65%         3
 Vampiric Draining        Necr           2%         2d6       65%         3
 Ice Form                 Ice/Tmut       6%         N/A       83%         4
 Airstrike                Air            1%         2d(1-17)  96%         4
 Agony                    Necr           2%         N/A       100%        5
 Orb of Destruction       Conj           1%         9d5       100%        7
 Spellforged Servitor     Conj/Summ      1%         N/A       100%        7


Dungeon Overview and Level Annotations

Branches:
Dungeon (4/15)
 Temple: D:4-7

Altars:
Ashenzari
Elyvilon
Fedhas
Ru


Innate Abilities, Weirdness & Mutations

You have temporarily grown beastly horns and talons.
Your plain brown scales are hard. (AC +5)
You cannot fit into any form of body armour.
You are cold-blooded and may be slowed by cold attacks.


Message History

The iguana is heavily wounded.
The iguana bites you!
* * * LOW HITPOINT WARNING * * *
The iguana closely misses you.
Okay, then.
Casting: Beastly Appendage (safe; 9% risk of failure)
Confirm with . or Enter, or press ? or * to list all spells.
Okay, then.
Casting: Beastly Appendage (safe; 9% risk of failure)
Confirm with . or Enter, or press ? or * to list all spells.
Your blood is infused with primal strength.
The iguana bites you but does no damage.
You hit the iguana. You claw the iguana, but do no damage.
The iguana is heavily wounded.
The iguana bites you but does no damage.
You completely miss the iguana.
The iguana is heavily wounded.
The iguana closely misses you.
You barely miss the iguana.
You tail-slap the iguana, but do no damage.
The iguana is heavily wounded.
Your horns disappear.
Your talons disappear.
The iguana barely misses you.
Casting: Wereblood (safe; 13% risk of failure)
Confirm with . or Enter, or press ? or * to list all spells.
You grow a pair of large bovine horns.
Your feet morph into talons.
The iguana bites you.
* * * LOW HITPOINT WARNING * * *
You barely miss the iguana. Your headbutt misses the iguana.
The iguana is heavily wounded.
The iguana barely misses you.
You barely miss the iguana.
The iguana is heavily wounded.
The iguana barely misses you.
You hit the iguana.
Your weapon exudes an aura of protection.
You claw the iguana. Your headbutt misses the iguana.
The iguana is almost dead.
The iguana bites you!
You die...

####....รท.......
#............
#............
#............
#............
############............
.............########'##
.............#....#.....
......l@.....'....#.....
.............#....#.....
.............#....#.....
..........)..#....'.....
.............#...###..##
#####......###...###..#
#......#..........#
#......#..........#
#......#..........#


You could see an iguana.

Vanquished Creatures
  A howler monkey (D:4)
  A hound (D:4)
  4 adders
  4 bats
  6 endoplasms
  5 giant cockroaches
  7 hobgoblins
  5 kobolds
  7 quokkas
  3 ball pythons
  5 frilled lizards
  3 goblins
  6 rats
57 creatures vanquished.

Notes
Turn   | Place    | Note
-------+----------+-------------------------------------------
     0 | D:1      | kyanize the Draconian Transmuter began the quest for the
                  | Orb.
     0 | D:1      | Reached XP level 1. HP: 16/16 MP: 3/3
   317 | D:1      | Reached XP level 2. HP: 14/23 MP: 3/5
   705 | D:1      | Learned a level 2 spell: Wereblood
  1017 | D:1      | Reached XP level 3. HP: 27/28 MP: 4/6
  1092 | D:2      | Learned a level 3 spell: Spider Form
  1806 | D:3      | Found a broken altar of Ashenzari.
  2257 | D:3      | Reached skill level 1 in Stealth
  2870 | D:4      | Reached XP level 4. HP: 19/35 MP: 8/8
  3006 | D:4      | Reached skill level 1 in Maces & Flails
  3141 | D:4      | Reached XP level 5. HP: 39/40 MP: 9/9
  3168 | D:4      | Found a blossoming altar of Fedhas.
  3265 | D:4      | Found a white marble altar of Elyvilon.
  3316 | D:4      | Found a sacrificial altar of Ru.
  3482 | D:4      | Slain by an iguana

Illustrated notes

Levels and vault maps discovered:
D:1:      dreamdust_arrival_sigmund_warning, layout_basic,
          minmay_misc_feat_roman
D:2:      layout_loops_ring, nicolae_concentric_dashed_squares_wild,
          kennysheep_generic_room_4
D:3:      layout_loops_corners, ashenzari_altar_1
D:4:      layout_gridville, elyvilon_altar_4, old_standard_altar,
          mainiacjoe_overflow_catwalk, serial_shops, nicolae_shop_hallway_plus

Skill      XL: |  1  2  3  4 |
---------------+-------------+-----
Dodging        | 2 |  2.4
Stealth        | 1 |  1.0
Maces & Flails | 1 |  1.5
Spellcasting   | 3 |  3.2
Fighting       | |  1.2
Unarmed Combat | |  3.4
Transmutations | |  2.8

Action                   |  1- 3 |  4- 6 || total
-------------------------+-------+-------++-------
Melee: Unarmed           |    31 |       ||    31
       Headbutt          |    13 |     7 ||    20
       Kick              |    22 |    13 ||    35
       Tailslap          |    14 |     7 ||    21
       Whip              |   118 |    42 ||   160
       Punch             |     2 |       ||     2
 Cast: Beastly Appendage |    36 |     6 ||    42
       Wereblood         |       |     1 ||     1
  Use: Scroll            |     6 |       ||     6
       Potion            |     5 |       ||     5
Armor: Skin              |    49 |    14 ||    63
Dodge: Dodged            |   100 |    17 ||   117
Block: Buckler           |     3 |     5 ||     8
